AoeStats
← Fryytzz

Arabia

507799697Analyzed
2v2 RM · 13d ago on Sep 19, 2026· 24m 53s· 4 players
Game mode
Random Map
Map size
Medium (4 player)
Population
200
Speed
Normal
Resources
Standard
Victory
Conquest
Starting age
Dark Age
Ending age
Imperial Age
RankedLock teamsTeams togetherTeam positionsShared explorationLock speedFull tech treeHidden civsTurbo modeCheats
Victory
Defeat
🇦🇷 Gurjaras · Argentina
1099
+14
🇦🇷 Persians · Argentina
1086
+15
🇩🇪 Bulgarians · Germany
1089
-16
🇲🇽 Koreans · Mexico
1023
-29
ericrjp71
7:23 Loom
9:45 Feudal Age
10:39 Double-Bit Axe
14:08 Fletching
Fryytzz
2:36 Loom
11:33 Feudal Age
12:55 Wheelbarrow
12:08 Double-Bit Axe
14:22 Forging
15:11 Arson
25:02 Castle Age
24:41 Scale Mail Armor
24:40 Gold Mining
24:33 Horse Collar
espi
6:49 Loom
11:19 Feudal Age
18:33 Castle Age
17:23 Horse Collar
19:43 Bloodlines
24:48 Heavy Plow
Gulrich
6:22 Loom
9:48 Feudal Age
Connection lost

Rejoining the realm…

Still unreachable

The connection could not be restored.

Session expired

The server has moved on; the page needs a fresh start.